Map: Blackpink LE

Players

Plasmid

  • Race: Zerg Zerg
  • League: Diamond
  • Spawn Location: 1:00

dooffe - Winner!

  • Race: Terran Terran
  • League: Diamond
  • Spawn Location: 7:00

VOD

Have the link to the VOD?

Description

Time

  • Played on: March 9, 2018, 8:47 p.m.
  • Length: 9:47
Show
View Real Time Build Order
Export as new Build Order

Plasmid Zerg 

Build Orders: Hatch First 

Get SALT Encoding   

  12  0:01  Drone  
  13  0:12  Overlord  
  13  0:18  Drone  
  14  0:32  Drone x2  
  17  0:35  Drone  
  17  0:45  Drone  
  18  0:57  Hatchery  
  17  1:01  Extractor, Drone  
  17  1:08  Drone  
  18  1:19  Spawning Pool  
  18  1:21  Drone  
  18  1:32  Drone  
  19  1:40  Drone  
  20  1:50  Overlord  
  20  2:06  Metabolic Boost  
  20  2:10  Zergling x4  
  22  2:16  Queen  
  22  2:17  Queen  
  22  2:18  Drone  
  27  2:25  Drone  
  27  2:26  Drone  
  29  2:31  Drone  
  29  2:36  Overlord  
  31  2:44  Drone x2  
  32  2:54  Hatchery  
  31  3:00  Queen  
  31  3:05  Drone x2  
  35  3:15  Drone x2  
  35  3:16  Drone  
  35  3:19  Queen  
  38  3:23  Overlord  
  40  3:29  Drone  
  40  3:30  Drone x2  
  43  3:37  Drone  
  43  3:39  Overlord x2  
  42  3:48  Drone  
  42  3:49  Drone x2  
  42  3:55  Queen  
  47  3:56  Overlord  
  47  4:03  Zergling x8  
  47  4:04  Zergling x2  
  52  4:12  Baneling Nest  
  52  4:16  Zergling x8  
  52  4:17  Zergling x2  
  56  4:25  Zergling x6  
  59  4:34  Zergling x2  
  59  4:35  Zergling x8  
  64  4:46  Zergling x6  
  64  4:51  Zergling x8  
  64  4:52  Zergling x2  
  72  4:58  Baneling x4  
  72  4:59  Baneling x2  
  73  5:00  Drone x4  
  73  5:03  Overlord  
  73  5:04  Overlord  
  76  5:08  Queen  
  78  5:17  Drone x2  
  78  5:18  Drone x2  
  82  5:23  Drone x5  
  87  5:31  Baneling x4  
  87  5:34  Drone x3  
  78  5:57  Drone x2  
  78  5:58  Drone x8  
  88  6:09  Lair  
  88  6:10  Extractor  
  87  6:16  Drone  
  87  6:17  Drone x5  
  92  6:32  Hatchery, Drone  
  89  6:33  Drone x5  
  90  6:44  Zergling x2  
  90  6:45  Zergling x12, Evolution Chamber  
  90  6:46  Evolution Chamber  
  95  6:55  Extractor, Zergling x4  
  95  6:56  Extractor  
  95  7:23  Zerg Melee Weapons Level 1  
  95  7:24  Hydralisk Den  
  95  7:28  Extractor x2, Drone x6  
  98  7:32  Centrifical Hooks  
  98  7:33  Overlord  
  98  7:34  Overlord x5  
  98  7:40  Queen  
  72  8:06  Zergling x2  
  72  8:07  Zergling x22  
  72  8:08  Zergling x8  
  88  8:20  Spawning Pool  
  88  8:24  Hydralisk x5  
  97  8:40  Hatchery  
  94  8:42  Baneling  
  94  8:43  Baneling x3  
  94  9:06  Drone  
  94  9:07  Drone x7  
  94  9:08  Drone x3  
  105  9:16  Hydralisk  
  105  9:17  Hydralisk x2  
Show
View Real Time Build Order
Export as new Build Order

dooffe Terran - Winner!

Build Orders: MMM Bio 

Get SALT Encoding   

  12  0:00  SCV  
  13  0:12  SCV  
  14  0:17  Supply Depot  
  14  0:25  SCV  
  15  0:39  SCV  
  15  0:40  Barracks  
  16  0:46  Refinery  
  16  0:51  SCV  
  17  1:03  SCV  
  18  1:10  Barracks  
  18  1:14  Barracks  
  18  1:18  SCV  
  19  1:27  Marine  
  20  1:35  Orbital Command  
  20  1:45  Marine  
  21  1:47  Supply Depot  
  21  1:59  Marine  
  22  2:02  SCV  
  23  2:09  Marine x2  
  25  2:16  Marine  
  25  2:20  SCV  
  27  2:27  Barracks Tech Lab, Marine  
  28  2:34  Marine  
  29  2:43  Command Center  
  29  2:44  Marine  
  29  2:45  Marine  
  29  2:50  Stimpack  
  31  2:56  Refinery  
  31  3:05  Factory  
  31  3:11  Barracks Reactor x2  
  31  3:16  Supply Depot  
  31  3:37  Marine  
  31  3:38  SCV  
  33  3:47  Marine x3  
  33  3:48  Marine  
  37  3:50  SCV  
  37  3:52  Starport, Factory Reactor  
  37  3:55  Marine  
  38  3:59  Orbital Command  
  39  4:03  SCV  
  39  4:07  Marine  
  39  4:08  Marine  
  39  4:09  Marine  
  43  4:13  Marine  
  44  4:21  Supply Depot  
  44  4:26  SCV  
  44  4:27  SCV  
  46  4:39  SCV  
  46  4:40  Medivac x2  
  46  4:41  Factory Tech Lab  
  46  4:43  SCV  
  52  4:48  Supply Depot  
  52  4:50  Marine x2  
  54  4:53  Marine  
  54  4:54  Marine  
  54  4:56  Marine  
  57  5:08  Combat Shields, Marine x2  
  57  5:11  Marine x2  
  57  5:13  Supply Depot  
  61  5:17  Marine  
  61  5:20  Siege Tank  
  65  5:23  SCV x2  
  67  5:29  Supply Depot  
  67  5:33  Marine  
  67  5:35  SCV x2, Marine  
  70  5:38  Marine  
  70  5:39  Marine  
  70  5:40  Marine  
  61  5:59  Marine x3  
  61  6:00  Marine x2  
  61  6:02  Supply Depot  
  66  6:04  SCV x2  
  68  6:16  SCV, Siege Tank  
  68  6:17  Marine x4  
  76  6:21  Marine  
  76  6:22  Medivac  
  79  6:35  Marine x4  
  79  6:39  Marine  
  84  6:52  Medivac  
  84  6:53  Marine x4  
  90  7:01  Command Center  
  90  7:11  Marine x4  
  94  7:19  Supply Depot  
  94  7:20  Supply Depot  
  94  7:41  SCV, Medivac, Marine x5  
  94  7:42  SCV  
  103  7:53  Siege Tank  
  103  7:58  Marine x5  
  103  8:01  Barracks  
  103  8:02  Barracks  
  102  8:12  Medivac x2  
  104  8:16  Marine x5  
  109  8:25  Siege Tank  
  112  8:34  Marine x5  
  115  8:43  Engineering Bay  
  115  8:44  Refinery  
  115  8:46  Refinery, Engineering Bay, Orbital Command  
  115  8:50  SCV  
  115  8:52  Marine x2  
  118  8:59  SCV  
  118  9:02  SCV  
  120  9:12  SCV  
  120  9:14  SCV  
  122  9:20  Armory  
  122  9:21  Supply Depot  
  122  9:22  Supply Depot  
  122  9:24  SCV  
Tags
 
Composition
MMM Bio
Matchup
TvZ
Spawn Locations
Cross Positions
Add a new tag
Caveats
  • Supply blocks, unpowered buildings, or Contaminate may cause inaccurate times.
  • Supply counts are checked every 10 seconds.